 Dungeon Crawl Stone Soup version 0.27-a0-1196-g3e9cee4cb2 (webtiles) character file.

Game seed: 12354758895886183888

4 Shayle the Vexing (level 1, -1/14 HPs)
             Began as a Demonspawn Enchanter on May 28, 2021.
             Slain by a jackal (3 damage)
             ... on level 1 of the Dungeon.
             The game lasted 00:01:32 (312 turns).

Shayle the Vexing (Demonspawn Enchanter)             Turns: 312, Time: 00:01:33

Health: -1/14      AC:  2    Str:  8    XL:     1   Next: 50%
Magic:  0/3        EV: 12    Int: 16    God:
Gold:   0          SH:  0    Dex: 13    Spells: 3/4 levels left

rFire    . . .     SeeInvis .   a - +1 dagger
rCold    . . .     Faith    .   (no shield)
rNeg     . . .     Spirit   .   b - +0 robe
rPois    .         Reflect  .   (no helmet)
rElec    .         Harm     .   (no cloak)
rCorr    .         Rampage  .   (no gloves)
Will     .....                  (no boots)
Stlth    ++........             (no amulet)
HPRegen  0.04/turn              (no ring)
MPRegen  0.08/turn              (no ring)

@: no status effects
A: no striking features
a: no special abilities


You were on level 1 of the Dungeon.
You visited 1 branch of the dungeon, and saw 1 of its levels.

Inventory:

Hand Weapons
 a - a +1 dagger (weapon)
Armour
 b - a +0 robe (worn)


   Skills:
 + Level 0.6 Fighting
 - Level 0.8 Short Blades
 - Level 1.7 Dodging
 + Level 2.8 Stealth
 - Level 2.0 Spellcasting
 - Level 3.0 Hexes


You had 3 spell levels left.
You knew the following spells:

 Your Spells              Type           Power      Damage    Failure   Level
a - Corona                Hex            12%        N/A       6%          1

Your spell library contained the following spells:

 Spells                   Type           Power      Damage    Failure   Level
 Ensorcelled Hibernation  Hex/Ice        12%        N/A       17%         2
 Confusing Touch          Hex            11%        N/A       19%         3
 Tukima's Dance           Hex            11%        N/A       19%         3
 Dazzling Flash           Conj/Hex       12%        N/A       32%         3


Dungeon Overview and Level Annotations

Branches:
Dungeon (1/15)

Altars:


Message History

The jackal is outlined in light.
The jackal bites you. The jackal closely misses you.
You hit the jackal.
The jackal is heavily wounded.
The jackal barely misses you. The giant cockroach barely misses you.
The jackal completely misses you.
You hit the jackal.
You kill the jackal!
The giant cockroach misses you. The jackal closely misses you.
Casting: Corona (safe; 6% risk of failure)
Confirm with . or Enter, or press ? or * to list all spells.
Aiming: Corona (safe; 6% risk of failure)
Press: ? - help, Shift-Dir - straight line, f - jackal
Aim: a jackal (chance to affect: 64%)
The jackal barely resists.
The jackal bites you. The giant cockroach barely misses you.
Casting: Corona (safe; 6% risk of failure)
Confirm with . or Enter, or press ? or * to list all spells.
Aiming: Corona (safe; 6% risk of failure)
Press: ? - help, Shift-Dir - straight line, f/p - jackal
Aim: a jackal (chance to affect: 64%)
The jackal is outlined in light.
The jackal closely misses you. The giant cockroach bites you.
You hit the jackal.
The jackal is lightly wounded.
The jackal bites you. The giant cockroach misses you. The jackal bites you.
* * * LOW HITPOINT WARNING * * *
Unknown command.
You hit the jackal.
The jackal is moderately wounded.
The giant cockroach barely misses you. The jackal misses you.
The giant cockroach closely misses you.
You hit the jackal.
The jackal is almost dead.
The jackal misses you.
The giant cockroach bites you but does no damage.
You hit the jackal but do no damage.
The jackal is almost dead.
The jackal bites you.
You die...

..............#
##B...........#
..............#
.##....#.....#
### ####.#.....#
.... #h..#####
..... ####.!#####
......#.B.......#
.......@h.......#
......#.........#
..... #.........#
.... #.........#
### ###########


You could see a jackal (corona) and a giant cockroach.

Vanquished Creatures
  An endoplasm (D:1)
  A jackal (D:1)
  A bat (D:1)
  A rat (D:1)
4 creatures vanquished.

Notes
Turn   | Place    | Note
-------+----------+-------------------------------------------
     0 | D:1      | Shayle the Demonspawn Enchanter began the quest for the
                  | Orb.
     0 | D:1      | Reached XP level 1. HP: 13/13 MP: 3/3
   312 | D:1      | Slain by a jackal

Illustrated notes

Levels and vault maps discovered:
D:1:      zaba_arrival_water, layout_rooms, chequers_serial_rivers_marsh,
          minmay_pentomino_t4

Action                   || total
-------------------------++-------
Melee: Dagger            ||    24
 Cast: Corona            ||     4
 Stab: Sleeping          ||     1
Armor: Robe              ||     7
Dodge: Dodged            ||    34

Table legend: (Time is in decaauts)
 A = Elapsed time spent in this place.
 B = Non-inter-level travel time spent in this place.
 C = Inter-level travel time spent in this place.
 D = Time resting spent in this place.
 E = Time spent auto-exploring this place.
 F = Levels seen in this place.
 G = Mean time per level.
                   A        B        C        D        E       F      G
               +--------+--------+--------+--------+--------+-----+--------+
         Total |    317 |    317 |      0 |    191 |     46 |   1 |  317.0 |
       Dungeon |    317 |    317 |      0 |    191 |     46 |   1 |  317.0 |
               +--------+--------+--------+--------+--------+-----+--------+

Top non-repeatable levels by time:
     D:1: 317 daAuts
